cohdb
Replays
Latest Replays
All Replays
Popular Replays
Top Player Replays
Match Explorer
How It Works
Community
CoH3 Stats
Reddit
Sign in to upload your games and track your stats! →
Sign in with Steam
Match 40836361
Unlisted
Match 40836361
Overview
Messages
Build Orders
End
Construct Barracks
Selects Heavy Weapons
1⁄4-ton 4x4 Truck
Riflemen Squad
Riflemen Squad
Construct Weapon Support Center
Selects M2HB .50cal Heavy Machine Gun
M1919 Machine Gun Team
Selects Assault Carriers
Grenade Package
M1919 Machine Gun Team
Construct Medical Station
Bazooka Squad
Infantry Support Center
broodwarjc
Wikin75
DeathByFunky
Murderface
0
0
Comments
sign in to comment!
No comments posted yet!